 Dungeon Crawl Stone Soup version 0.28-a0-704-g4d584c6bc1 (webtiles) character file.

Game seed: 13129053561172378024

33 gudaz the Vexing (level 3, -12/24 HPs)
             Began as a Spriggan Enchanter on Oct 24, 2021.
             Killed by divine providence
             ... invoked by an orc priest
              (15 damage)
             ... on level 4 of the Dungeon.
             The game lasted 00:04:25 (2499 turns).

gudaz the Vexing (Spriggan Enchanter)               Turns: 2499, Time: 00:04:26

Health: -12/24     AC: 21    Str:  5    XL:     3   Next: 12%
Magic:  1/8        EV:  4    Int: 16    God:
Gold:   60         SH:  0    Dex: 15    Spells: 0/8 levels left

rFire   . . .      SeeInvis +   a - +1 dagger
rCold   . . .      Faith    .   (shield restricted)
rNeg    . . .      Spirit   .   (armour currently unavailable)
rPois   +          Reflect  .   (helmet currently unavailable)
rElec   .          Harm     .   (cloak currently unavailable)
rCorr   .          Rampage  .   (gloves unavailable)
Will    .....      NoTele   +   (boots unavailable)
Stlth   +++.......              (no amulet)
HPRegen 0.08/turn               (no ring)
MPRegen 0.11/turn               (no ring)

@: tree-form, very slightly contaminated, invisible
A: stationary, stasis, torment immunity, boosted hp, very small, no large
weapons, unfitting armour, see invisible, (speed 3)
a: no special abilities


You were on level 4 of the Dungeon.
You were a tree.
You visited 1 branch of the dungeon, and saw 3 of its levels.

You collected 60 gold pieces.

Inventory:

Hand Weapons
 a - a +1 dagger (weapon)
Armour
 b - a +0 robe (melded)
Potions
 d - a potion of lignification


   Skills:
 - Level 1.1 Short Blades
 - Level 2.6 Dodging
 - Level 4.4 Stealth
 + Level 3.3 Spellcasting
 + Level 4.8 Hexes


You couldn't memorise any spells.
You knew the following spells:

 Your Spells              Type           Power      Damage    Failure   Level
a - Ensorcelled Hibernat  Hex/Ice        20%        N/A       11%         2
b - Tukima's Dance        Hex            18%        N/A       8%          3
c - Dazzling Flash        Conj/Hex       20%        N/A       21%         3

Your spell library contained the following spells:

 Spells                   Type           Power      Damage    Failure   Level
 Confusing Touch          Hex            18%        N/A       8%          3


Dungeon Overview and Level Annotations

Branches:
Dungeon (2/15)             Temple (0/1) D:4

Altars:

Shops:
D:1 ?


Innate Abilities, Weirdness & Mutations

You are a tree.
Your roots penetrate the ground, keeping you stationary.
You cannot be teleported.
You are immune to unholy pain and torment.
Your maximum health is greatly increased.
Your equipment is partially melded.
You are very small and have problems with some larger weapons.
You are too small for most types of armour.
You have supernaturally acute eyesight. (SInv)
((You cover ground extremely quickly. (Speed+++)))


Message History

You closely miss the orc priest.
The hound skeleton bites you but does no damage.
The orc priest hits you but does no damage.
You hit the orc priest but do no damage.
The orc priest hits you with a +0 mace.
* * * LOW HITPOINT WARNING * * *
The hound skeleton bites you but does no damage.
You catch the helpless orc priest completely off-guard!
You puncture the orc priest!
The orc priest is almost dead.
You cannot move.
You cannot move.
Unknown command.
Unknown command.
You hit the hound skeleton.
The hound skeleton is severely damaged.
The hound skeleton bites you.
* * * LOW HITPOINT WARNING * * *
Unknown command.
You hit the hound skeleton.
The hound skeleton is almost destroyed.
The hound skeleton bites you but does no damage.
The hound skeleton barely misses you.
Unknown command.
You hit the hound skeleton.
The hound skeleton is almost destroyed.
The orc priest begins to cast a cantrip, but forgets the words!
You aren't carrying any items that you can evoke.
Unknown command.
Unknown command.
Unknown command.
Okay, then.
Unknown command.
You aren't carrying any items that you can evoke.
Unknown command.
Unknown command.
The orc priest calls down the wrath of Beogh upon you.
Beogh smites you!
Ouch! That really hurt!
You die...

.#.# ...#
#..##
#######...#
........o>
#......#
#.....#
#...♣.#
#Z....#
#.....#
#.....#
#######


You could see an orc priest and a hound skeleton (wandering).

Vanquished Creatures
  3 endoplasms (D:1)
  3 goblins (D:1)
  6 hobgoblins (D:1)
  4 jackals (D:1)
  A quokka (D:1)
  2 ball pythons
  4 bats (D:1)
  A frilled lizard (D:1)
  4 rats (D:1)
28 creatures vanquished.

Notes
Turn   | Place    | Note
-------+----------+-------------------------------------------
     0 | D:1      | gudaz the Spriggan Enchanter began the quest for the Orb.
     0 | D:1      | Reached XP level 1. HP: 9/9 MP: 5/5
   674 | D:1      | Found Agour's Magic Scroll Shoppe.
   680 | D:1      | Reached XP level 2. HP: 10/13 MP: 6/6
   701 | D:1      | Learned a level 2 spell: Ensorcelled Hibernation
  2066 | D:1      | Reached XP level 3. HP: 16/16 MP: 8/8
  2070 | D:1      | Learned a level 3 spell: Tukima's Dance
  2074 | D:1      | Learned a level 3 spell: Dazzling Flash
  2473 | D:2      | You fall into a shaft and drop 2 floors!
  2473 | D:4      | Found a staircase to the Ecumenical Temple.
  2499 | D:4      | Killed from afar by an orc priest

Illustrated notes

Levels and vault maps discovered:
D:1:      dpeg_arrival_arbitrary_c, layout_basic, serial_shops, shop
D:2:      layout_basic, minmay_tetromino_i4
D:4:      layout_rooms, nicolae_overflow_hidden_temple,
          minmay_temple_entry_proselytizer, nicolae_ossuary_entry_plus

Skill      XL: |  1  2 |
---------------+-------+-----
Hexes          | 4 |  4.8
Spellcasting   | 3 |  3.3
Short Blades   | |  1.1
Dodging        | |  2.6
Stealth        | |  4.4

Action                   || total
-------------------------++-------
Melee: Dagger            ||   137
 Cast: Ensorcelled Hiber ||    12
       Tukima's Dance    ||     3
  Use: Potion            ||     2
 Stab: Sleeping          ||    13
       Invisible         ||     2
Armor: Robe              ||    13
       Skin              ||    15
Dodge: Dodged            ||   111

Table legend: (Time is in decaauts)
 A = Elapsed time spent in this place.
 B = Non-inter-level travel time spent in this place.
 C = Inter-level travel time spent in this place.
 D = Time resting spent in this place.
 E = Time spent auto-exploring this place.
 F = Levels seen in this place.
 G = Mean time per level.
                   A        B        C        D        E       F      G
               +--------+--------+--------+--------+--------+-----+--------+
         Total |   2038 |   2007 |     31 |    598 |   1065 |   3 |  679.3 |
       Dungeon |   2038 |   2007 |     31 |    598 |   1065 |   3 |  679.3 |
               +--------+--------+--------+--------+--------+-----+--------+

Top non-repeatable levels by time:
     D:1: 1742 daAuts
     D:2: 271 daAuts
     D:4: 23 daAuts
